 Dungeon Crawl Stone Soup version 0.23-a0-644-gb60d84b (webtiles) character file.

14 Borgoz the Sneak (level 2, 0/19 HPs)
             Began as a Halfling Assassin on Jan 2, 2019.
             Slain by an adder (4 damage)
             ... on level 2 of the Dungeon.
             The game lasted 00:00:49 (615 turns).

Borgoz the Sneak (Halfling Assassin)                 Turns: 615, Time: 00:00:50

Health: 0/19       AC:  3    Str: 12    XL:     2   Next: 60%
Magic:  2/2        EV: 14    Int:  9    God:
Gold:   11         SH:  0    Dex: 15    Spells: 1/1 levels left

rFire    . . .     SeeInvis .   a - +2 dagger
rCold    . . .     Gourm    .   (shield restricted)
rNeg     . . .     Faith    .   c - +0 robe
rPois    .         Spirit   .   (no helmet)
rElec    .         Reflect  .   d - +0 cloak
rCorr    .         Harm     .   (no gloves)
MR       .....                  (no boots)
Stlth    +++.......             (no amulet)
HPRegen  0.06/turn              (no ring)
MPRegen  0.08/turn              (no ring)

@: lethally poisoned (0 -> -5)
A: small, mutation resistance 1
a: no special abilities


You were on level 2 of the Dungeon.
You were not hungry.

You visited 1 branch of the dungeon, and saw 2 of its levels.

You collected 11 gold pieces.

Inventory:

Hand Weapons
 a - a +2 dagger (weapon)
 b - a +0 blowgun
Missiles
 e - 8 poisoned needles
 f - 2 curare-tipped needles
Armour
 c - a +0 robe (worn)
 d - a +0 cloak (worn)
 k - a cursed +0 pair of gloves
Jewellery
 j - an uncursed amulet of faith {unknown}
Scrolls
 h - a scroll of immolation {unknown}
 i - a scroll of amnesia {unknown}
Comestibles
 g - 2 rations


   Skills:
 - Level 1.8 Fighting
 * Level 3.0 Short Blades
 - Level 2.0 Throwing
 * Level 1.7 Dodging
 + Level 4.5 Stealth


You had one spell level left.
You didn't know any spells.
Your spell library was empty.

Dungeon Overview and Level Annotations

Branches:
Dungeon (2/15)

Altars:
Xom


Innate Abilities, Weirdness & Mutations

You are small and have problems with some larger weapons.
You are somewhat resistant to further mutation.


Message History

The adder is heavily wounded.
You feel sick. The adder bites you.
You hit the adder.
The adder is severely wounded.
The adder barely misses you.
You hit the adder.
The adder is almost dead.
The adder closely misses you.
You hit the kobold.
The kobold is moderately wounded.
You feel sick. The adder completely misses you.
The adder bites you but does no damage.
You hit the kobold but do no damage.
The kobold is moderately wounded.
The kobold hits you with a +0 whip. The adder bites you.
* * * LOW HITPOINT WARNING * * *
You miss the adder.
The adder is almost dead.
The kobold hits you but does no damage. The adder bites you.
You die...

#. #. ##. ## # ... #.
####.######## #..
#......##....
##...#######.##.#.##....
...)......##.##.#.##....
......K@.....#..#.......
......S...#.......##....
#......#####......##....
#....#. ###.#####...#
#....#. #)# ##### #...
#. #.## #. #.. .. #.#.##
#. ### ## #.###.### ##
#.# ##..# #


You could see an adder and a kobold.

Vanquished Creatures
  A dart slug (D:1)
  2 leopard geckos (D:2)
  2 bats
  A giant cockroach (D:1)
  A goblin (D:1)
  A quokka (D:2)
  2 rats (D:1)
10 creatures vanquished.

Notes
Turn   | Place    | Note
-------+----------+-------------------------------------------
     0 | D:1      | Borgoz the Halfling Assassin began the quest for the Orb.
     0 | D:1      | Reached XP level 1. HP: 14/14 MP: 1/1
   268 | D:1      | Reached XP level 2. HP: 7/19 MP: 2/2
   518 | D:2      | Found a shimmering altar of Xom.
   615 | D:2      | Slain by an adder

Vault maps used:
D:1:      onia_arrival_mini_maze, minmay_misc_feat_pillars
D:2:      marbit_many_paths, minmay_crystal_water

Skill      XL: |  1  2 |
---------------+-------+-----
Short Blades   | 3 |  3.0
Fighting       | |  1.8
Throwing       | |  2.0
Dodging        | |  1.7
Stealth        | |  4.5

Action                   || total
-------------------------++-------
Melee: Dagger            ||    43
 Stab: Sleeping          ||     4
Armor: Robe              ||     6
Dodge: Dodged            ||    25

Table legend:
 A = Non-vault XP
 B = Vault XP
 C = Vault XP percentage of total XP
 D = Non-vault monster count
 E = Vault monster count
 F = Vault count percentage of total count
                 A         B        C        D         E       F
            +---------+---------+-------+---------+---------+-------
      Total |      17 |       4 |  19.0 |       8 |       2 |  20.0
            +---------+---------+-------+---------+---------+-------
        D:1 |      11 |       1 |   8.3 |       5 |       1 |  16.7
        D:2 |       6 |       3 |  33.3 |       3 |       1 |  25.0
            +---------+---------+-------+---------+---------+-------
